 Dungeon Crawl Stone Soup version 0.30-a0-122-g2a1322497e (webtiles) character file.

Game seed: 16459546590912382917

15358 mkjhgv the Unseen (level 12, -2/60 HPs)
             Began as a Spriggan Enchanter on Sept 15, 2022.
             Was an Elder of Dithmenos.
             Shot with an arrow by a centaur warrior (7 damage)
             ... on level 12 of the Dungeon.
             The game lasted 00:33:49 (14711 turns).

mkjhgv the Unseen (Spriggan Enchanter)             Turns: 14711, Time: 00:33:50

Health: -2/60      AC:  9    Str:  6    XL:     12   Next: 0%
Magic:  30/30      EV: 20    Int: 16    God:    Dithmenos [****..]
Gold:   331        SH:  0    Dex: 17    Spells: 20/37 levels left

rFire   . . .      SeeInvis +    b - +4 dagger (vorpal)
rCold   . . .      Faith    .    (no shield)
rNeg    . . .      Spirit   .    s - +1 steam dragon scales
rPois   .          Reflect  .    (helmet restricted)
rElec   .          Harm     .    x - +2 cloak
rCorr   .          Rampage  .    (gloves unavailable)
Will    ++...                    (boots unavailable)
Stlth   +++++++++.               (no amulet)
HPRegen 0.20/turn                m - ring of flight
MPRegen 0.22/turn                (no ring)

@: flying, wreathed by umbra, studying Fighting, invisible, very quick
A: very small, no large weapons, unfitting armour, see invisible, speed 3, weak
1
a: Renounce Religion, Shadow Step


You were on level 12 of the Dungeon.
You worshipped Dithmenos.
Dithmenos was greatly pleased with you.
You visited 2 branches of the dungeon, and saw 13 of its levels.
You also visited: Ossuary.

You collected 552 gold pieces.
You spent 221 gold pieces at shops.

Inventory:

Hand Weapons
 b - a +4 vorpal dagger (weapon)
Missiles
 i - 3 throwing nets (quivered)
 w - a curare-tipped dart
Armour
 s - +1 steam dragon scales (worn)
 x - a +2 cloak (worn)
Jewellery
 m - a ring of flight (left hand)
Wands
 h - a wand of digging (3)
 r - a wand of charming (5)
 v - a wand of mindburst (19)
 y - a wand of roots (10)
Scrolls
 a - a scroll of blinking
 e - 2 scrolls of magic mapping
 q - a scroll of fog
 t - a scroll of fear
 u - 4 scrolls of teleportation
 A - a scroll of brand weapon
 B - 3 scrolls of identify
Potions
 d - 2 potions of heal wounds
 f - 5 potions of curing
 g - a potion of brilliance
 k - a potion of might
 l - 8 potions of flight
 n - 2 potions of haste
 o - a potion of lignification
 p - a potion of berserk rage
 z - a potion of ambrosia


   Skills:
 + Level 5.2 Fighting
 + Level 4.8 Short Blades
 + Level 6.3 Dodging
 + Level 15.7 Stealth
 + Level 13.0 Spellcasting
 + Level 13.2 Hexes


You had 20 spell levels left.
You knew the following spells:

 Your Spells              Type           Power      Damage    Failure   Level
a - Ensorcelled Hibernat  Hex/Ice        62%        N/A       1%          2
b - Tukima's Dance        Hex            51%        N/A       1%          3
c - Dazzling Flash        Conj/Hex       62%        N/A       1%          3
d - Confusing Touch       Hex            51%        N/A       1%          3
e - Summon Guardian Gole  Hex/Summ       31%        N/A       1%          3
f - Apportation           Tloc           20%        N/A       7%          1
g - Blink                 Tloc           20%        N/A       10%         2

Your spell library contained the following spells:

 Spells                   Type           Power      Damage    Failure   Level
 Sting                    Tmut/Pois      40%        1d5       7%          1
 Summon Small Mammal      Summ           40%        N/A       7%          1
 Poisonous Vapours        Pois/Air       20%        N/A       10%         2
 Sublimation of Blood     Necr           10%        N/A       10%         2
 Wereblood                Tmut           10%        N/A       10%         2
 Call Canine Familiar     Summ           10%        N/A       21%         3
 Frozen Ramparts          Ice            20%        1d4       21%         3
 Lesser Beckoning         Tloc           10%        N/A       21%         3
 Ice Form                 Ice/Tmut       10%        N/A       54%         4
 Manifold Assault         Tloc           10%        N/A       54%         4
 Olgreb's Toxic Radiance  Pois           10%        N/A       54%         4
 Summon Ice Beast         Ice/Summ       10%        N/A       54%         4
 Alistair's Intoxication  Tmut/Pois      6%         N/A       88%         5
 Storm Form               Tmut/Air       5%         N/A       100%        7
 Summon Hydra             Summ           5%         N/A       100%        7


Dungeon Overview and Level Annotations

Branches:
Dungeon (12/15)            Temple (1/1) D:6            Lair (0/5) D:8
    Orc (0/2) D:10        Ossuary (visited)

Altars:
Ashenzari
Cheibriados
Dithmenos
Elyvilon
Fedhas
Gozag
Hepliaklqana
Kikubaaqudgha
Makhleb
Nemelex Xobeh
Okawaru
Qazlal
Ru
Sif Muna
Trog
Uskayaw
Vehumet
Wu Jian
Xom
Yredelemnul
Zin
The Shining One

Shops:
D:1 =   D:4 !(=[   D:5 :   D:6 *   D:12 [

Annotations:
D:3 1 runed translucent door, Colgate's ghost, amateur OpTm
D:10 2 runed translucent doors, niknal's ghost, journeyman GrSu
D:11 1 exclusion


Innate Abilities, Weirdness & Mutations

You are very small and have problems with some larger weapons.
You are too small for most types of armour.
You have supernaturally acute eyesight. (SInv)
You cover ground extremely quickly. (Speed+++)
You are weak. (Str -2)


Message History

The centaur shouts!
The centaur warrior shouts!
The centaur shouts!
Rupert shouts!
You strike the helpless Rupert from behind!
You impale Rupert!!
Rupert is moderately wounded.
The centaur wields a +0 shortbow.
The centaur shoots an arrow.
The arrow hits you!
You hit Rupert but do no damage.
Rupert is moderately wounded.
You strike the helpless Rupert from behind!
You perforate Rupert like a sieve!!!
Rupert is severely wounded.
Rupert completely misses you.
The centaur shoots an arrow.
The arrow closely misses you.
Unknown command.
Unknown command.
You closely miss Rupert.
Rupert is severely wounded.
A wraith comes into view.
Rupert hits you with a +2 executioner's axe of electrocution!
You hit Rupert.
Rupert is severely wounded.
The centaur wields a +0 shortbow.
The centaur shoots an arrow.
The arrow barely misses you.
The centaur warrior wields a +1 shortbow of flaming.
It bursts into flame!
The centaur warrior shoots an arrow.
The arrow barely misses you. Rupert barely misses you.
You hit Rupert.
Rupert is severely wounded.
Unknown command.
You catch the helpless Rupert completely off-guard!
You perforate Rupert like a sieve!!!
You kill Rupert!
Dithmenos accepts your kill.
The centaur warrior shoots an arrow.
The arrow hits you! The arrow burns you.
The centaur shoots an arrow.
The arrow hits you!
The centaur warrior shoots an arrow.
The arrow hits you!
* * * LOW HITPOINT WARNING * * *
The arrow burns you!
You die...

#....#### #.........
#........ #........
#........ ..W..$.
#........ #.....
#........ ##+###....#
#........ ..........#
#........ ..........#
#........ ......)@..#
#.......(
..........######........
...9c.$........#....####
...c...####.._....<##
...c... #.8.8..###
....... #..∩..## ......[
####....# ##.####
#.......# .. #....##.#


You could see a centaur warrior (unable to see you), a wraith, a gargoyle
(unable to see you) and 2 centaurs.

Vanquished Creatures
  Rupert (D:12)
  Josephine (D:10)
  A boulder beetle (D:12)
  A two-headed ogre (D:10)
  Nergalle (D:12)
  A skeletal warrior (D:11)
  An ugly thing (D:11)
  A cyclops (D:12)
  2 manticores
  A gargoyle (D:12)
  A komodo dragon (D:11)
  A troll (D:11)
  A hornet (D:9)
  Grinder (D:4)
  Prince Ribbit (D:7)
  5 wraiths (D:10)
  3 wyverns
  2 shadows
  A basilisk (D:10)
  15 yaks
  Menkaure (D:4)
  Duvessa (D:7)
  2 acid dragons
  A water moccasin (D:3)
  A sky beast (D:7)
  3 black bears
  4 orc warriors
  An ogre (D:4)
  6 centaurs
  A phantom (D:6)
  4 elf zombies (Ossuary)
  2 kobold brigands (D:10)
  A gnoll sergeant (D:10)
  4 necrophages
  5 bullfrogs
  2 scorpions
  5 wights
  Dowan (D:7)
  11 killer bees
  An electric eel (D:10)
  2 howler monkeys (D:8)
  5 centaur zombies (Ossuary)
  An orc priest (D:10)
  A jelly (D:6)
  A hound (D:4)
  3 human zombies (Ossuary)
  4 gnoll boudas
  2 iguanas
  13 orc wizards
  4 mummies
  14 gnolls
  8 adders
  A shadow imp (D:6)
  3 white imps
  A worm (D:3)
  A dart slug (D:9)
  27 orcs
  6 bats
  5 endoplasms
  4 giant cockroaches
  4 hobgoblins
  6 quokkas
  11 ball pythons
  2 frilled lizards
  6 goblins
  A goblin zombie (D:5)
  A hobgoblin zombie (D:5)
  15 kobolds
  3 rats (D:1)
254 creatures vanquished.

Vanquished Creatures (collateral kills)
  Maggie (D:7)
  Sigmund (D:4)
  An orc warrior (D:11)
  A gnoll sergeant (D:11)
  A wight (D:8)
  2 orc wizards (D:11)
  9 gnolls
  4 orcs
20 creatures vanquished.

Vanquished Creatures (others)
  An angel (D:3)
  6 dancing weapons
  An orc warrior (D:11)
  An orc wizard (D:11)
  A shadow imp (D:8)
  A fungus (D:8)
  3 plants
14 creatures vanquished.

Grand Total: 288 creatures vanquished

Notes
Turn   | Place    | Note
-------+----------+-------------------------------------------
     0 | D:1      | mkjhgv the Spriggan Enchanter began the quest for the Orb.
     0 | D:1      | Reached XP level 1. HP: 9/9 MP: 5/5
  1059 | D:1      | Reached XP level 2. HP: 13/13 MP: 7/7
  1256 | D:1      | Learned a level 2 spell: Ensorcelled Hibernation
  1358 | D:1      | Found Willa's One-of-a-Kind Rings.
  2141 | D:2      | You fall into a shaft and drop 1 floor!
  2230 | D:3      | Reached XP level 3. HP: 16/16 MP: 9/9
  2234 | D:3      | Learned a level 3 spell: Tukima's Dance
  2238 | D:3      | Learned a level 3 spell: Confusing Touch
  2270 | D:3      | Found a radiant altar of Vehumet.
  2314 | D:3      | Noticed an angel
  2315 | D:3      | Found a shimmering altar of Xom.
  2316 | D:3      | Found a glowing silver altar of Zin.
  2816 | D:2      | Reached XP level 4. HP: 21/21 MP: 11/11
  3285 | D:2      | Reached skill level 5 in Hexes
  3553 | D:3      | Killed an angel
  3576 | D:3      | Found a runed translucent door.
  3583 | D:3      | Noticed Colgate's ghost (amateur OpTm)
  3733 | D:3      | Noticed a water moccasin
  3749 | D:3      | Killed a water moccasin
  3750 | D:3      | Reached skill level 5 in Spellcasting
  3750 | D:3      | Reached XP level 5. HP: 15/24 MP: 5/13
  3943 | D:3      | Found a burning altar of Makhleb.
  4048 | D:4      | Noticed Sigmund
  4051 | D:4      | Noticed Menkaure
  4065 | D:4      | Killed Sigmund
  4066 | D:4      | Reached skill level 5 in Stealth
  4066 | D:4      | Reached XP level 6. HP: 15/28 MP: 2/15
  4072 | D:4      | Killed Menkaure
  4222 | D:4      | Found Rautoeme's Antique Weapon Emporium.
  4224 | D:4      | Gained mutation: Your spells are a little easier to cast,
                  | but a little less powerful. [potion of mutation]
  4224 | D:4      | Gained mutation: You sometimes lose your temper in combat.
                  | [potion of mutation]
  4372 | D:4      | Reached skill level 6 in Stealth
  4386 | D:4      | Noticed Grinder
  4422 | D:4      | Killed Grinder
  4423 | D:4      | Reached XP level 7. HP: 9/32 MP: 12/18
  4699 | D:4      | Found Huasit's Jewellery Shop.
  4706 | D:4      | Reached skill level 7 in Stealth
  4796 | D:4      | Identified the +3 ring mail "Pyjethu" {rPois Slay+2}
  4864 | D:4      | Found Toigat's Armour Emporium.
  5222 | D:4      | Found Purebb's Distillery.
  5223 | D:4      | Lost mutation: Your spells are a little easier to cast, but
                  | a little less powerful. [potion of mutation]
  5223 | D:4      | Lost mutation: You sometimes lose your temper in combat.
                  | [potion of mutation]
  5223 | D:4      | Gained mutation: Your body sometimes deteriorates upon
                  | taking damage. [potion of mutation]
  5223 | D:4      | Gained mutation: You are partially covered in iridescent
                  | scales. (AC +2) [potion of mutation]
  5223 | D:4      | Gained mutation: You are somewhat resistant to further
                  | mutation. [potion of mutation]
  5260 | D:4      | Bought a potion of curing for 42 gold pieces
  5260 | D:4      | Bought a potion of heal wounds for 70 gold pieces
  5260 | D:4      | Bought a potion of degeneration for 14 gold pieces
  5327 | D:5      | Entered Level 5 of the Dungeon
  5336 | D:5      | Found a sacrificial altar of Ru.
  5392 | D:5      | Found Joax's Book Shop.
  5602 | D:5      | Found a sand-covered staircase.
  5616 | Ossuary  | Entered an ossuary
  5869 | Ossuary  | Reached skill level 8 in Stealth
  5869 | Ossuary  | Reached XP level 8. HP: 36/36 MP: 16/20
  6069 | Ossuary  | Reached skill level 9 in Stealth
  6392 | D:5      | Identified the +2 short sword of Dim Light {flame, rElec
                  | rN+}
  6413 | D:5      | Found a white marble altar of Elyvilon.
  7026 | D:6      | Learned a level 3 spell: Dazzling Flash
  7030 | D:6      | Learned a level 3 spell: Summon Guardian Golem
  7032 | D:6      | Learned a level 1 spell: Apportation
  7035 | D:6      | Learned a level 2 spell: Blink
  7171 | D:6      | Reached skill level 10 in Stealth
  7304 | D:6      | Reached XP level 9. HP: 39/39 MP: 21/23
  7323 | D:6      | Found a sparkling altar of Nemelex Xobeh.
  7527 | D:6      | Found a staircase to the Ecumenical Temple.
  7537 | Temple   | Entered the Ecumenical Temple
  7616 | Temple   | Became a worshipper of Dithmenos the Shadowed
  7655 | D:6      | Found Gaamif's Assorted Antiques.
  7736 | D:6      | Bought a potion of heal wounds for 95 gold pieces
  7845 | D:6      | Identified the +6 tower shield of Lozugh {rPois Will+}
  8139 | D:6      | Reached skill level 11 in Stealth
  8373 | D:7      | Noticed Duvessa
  8373 | D:7      | Noticed Dowan
  8388 | D:7      | Killed Duvessa
  8393 | D:7      | Reached skill level 10 in Hexes
  8524 | D:7      | Killed Dowan
  8648 | D:7      | Noticed Maggie
  8662 | D:7      | Killed Maggie
  8663 | D:7      | Reached skill level 10 in Spellcasting
  9005 | D:7      | Noticed Prince Ribbit
  9012 | D:7      | Killed Prince Ribbit
  9013 | D:7      | Reached skill level 12 in Stealth
  9302 | D:8      | Lost mutation: You are partially covered in iridescent
                  | scales. (AC +2) [potion of mutation]
  9302 | D:8      | Lost mutation: You are somewhat resistant to further
                  | mutation. [potion of mutation]
  9302 | D:8      | Lost mutation: Your body sometimes deteriorates upon taking
                  | damage. [potion of mutation]
  9302 | D:8      | Gained mutation: Armour fits poorly on your strangely
                  | shaped body. [potion of mutation]
  9302 | D:8      | Gained mutation: You possess an exceptional clarity of
                  | mind. [potion of mutation]
  9317 | D:8      | Found a basalt altar of Yredelemnul.
  9404 | D:8      | Reached * piety under Dithmenos
  9503 | D:8      | Reached XP level 10. HP: 20/44 MP: 4/25
 10099 | D:8      | Found a blossoming altar of Fedhas.
 10167 | D:8      | Reached skill level 13 in Stealth
 10189 | D:8      | Reached ** piety under Dithmenos
 10371 | D:8      | Found a staircase to the Lair.
 10743 | D:9      | Found a broken altar of Ashenzari.
 10749 | D:9      | Found a snail-covered altar of Cheibriados.
 11216 | D:9      | Reached skill level 14 in Stealth
 11316 | D:9      | Found an opulent altar of Gozag.
 11408 | D:10     | Entered Level 10 of the Dungeon
 11408 | D:10     | Found a staircase to the Orcish Mines.
 11652 | D:10     | Found an ornate altar of the Wu Jian Council.
 11733 | D:10     | Noticed a centaur warrior
 11733 | D:10     | Noticed a lich
 11733 | D:10     | Noticed niknal's ghost (journeyman GrSu)
 11734 | D:10     | Noticed a skeletal warrior
 11735 | D:10     | Noticed a yaktaur captain
 11874 | D:10     | Found a runed translucent door.
 11874 | D:10     | Noticed a necromancer
 11876 | D:10     | Found a runed translucent door.
 11882 | D:10     | Reached skill level 1 in Fighting
 11998 | D:10     | Noticed Josephine
 12001 | D:10     | Reached *** piety under Dithmenos
 12002 | D:10     | Reached XP level 11. HP: 49/49 MP: 28/28
 12006 | D:10     | Killed Josephine
 12350 | D:10     | Found an ancient bone altar of Kikubaaqudgha.
 12583 | D:10     | Noticed a two-headed ogre
 12599 | D:10     | Killed a two-headed ogre
 12600 | D:10     | Reached skill level 15 in Stealth
 13114 | D:11     | Noticed a skeletal warrior
 13217 | D:11     | Noticed a red ugly thing
 13219 | D:11     | Killed a red ugly thing
 13593 | D:11     | Reached skill level 5 in Dodging
 13903 | D:11     | Lost mutation: Armour fits poorly on your strangely shaped
                  | body. [potion of mutation]
 13903 | D:11     | Lost mutation: You possess an exceptional clarity of mind.
                  | [potion of mutation]
 13903 | D:11     | Gained mutation: You are weak. (Str -2) [potion of
                  | mutation]
 13967 | D:11     | Killed a skeletal warrior
 14104 | D:11     | Reached **** piety under Dithmenos
 14384 | D:12     | Noticed Nergalle
 14522 | D:12     | Killed Nergalle
 14560 | D:12     | Noticed a boulder beetle
 14567 | D:12     | Killed a boulder beetle
 14568 | D:12     | Reached skill level 5 in Fighting
 14579 | D:12     | Reached XP level 12. HP: 54/60 MP: 16/30
 14641 | D:12     | Found Cheibriados's Comfort Zone.
 14646 | D:12     | Found a snail-covered altar of Cheibriados.
 14672 | D:12     | Noticed Rupert
 14701 | D:12     | Noticed a centaur warrior
 14711 | D:12     | Killed Rupert
 14711 | D:12     | Shot with an arrow by a centaur warrior

Illustrated notes

Levels and vault maps discovered:
D:1:      matt_arrival_refuge, layout_loops_ring, nicolae_shop_unique_rings
D:2:      layout_basic
D:3:      layout_loops_cross, grunt_temple_overflow_order_and_chaos_1,
          vehumet_crystals, mainiacjoe_overflow_brackets, ebering_ghost_sewer_d
D:4:      layout_loops_ring, serial_shops, shop, shop, nicolae_stop_n_shop_1,
          nicolae_lakefront_shop, uniq_grinder, uniq_sigmund, uniq_menkaure
D:5:      layout_basic, nicolae_ru_awakened_eye, elyvilon_altar_5,
          nicolae_ossuary_entry_giza, serial_shops, nicolae_shop_hallway_stairs
D:6:      layout_basic, nemelex_altar_shiori, minmay_temple_entry_glass,
          serial_shops, nicolae_shop_overgrown_old_shop, st_stairs_5
D:7:      layout_rooms, uniq_maggie, uniq_duvessa, uniq_prince_ribbit1
D:8:      layout_basic, nicolae_overflow_crystal_walls, kennysheep_little_box,
          grunt_lair_entry_orc_guard_hut
D:9:      layout_loops_ring, kennysheep_slug_shrine,
          mainiacjoe_overflow_alcove_2, lemuel_doored_altar
D:10:     layout_stronghold, nicolae_wu_jian_wuxing_cycle, marbit_many_paths,
          orc_0_dummy, muffindrake_ghost_dual_entry, hex_large,
          hangedman_decor_riveting, kennysheep_generic_room_4, uniq_josephine
D:11:     minmay_skewed_foursquare, layout_basic
D:12:     layout_basic, minmay_shop_chei, hangedman_glass_teeth,
          skrybe_limestone_x, uniq_nergalle, uniq_fannar, uniq_rupert
Temple:   nicolae_temple_colour_theory

Skill      XL: |  1  2  3  4  5  6  7  8  9 10 11 |
---------------+----------------------------------+-----
Spellcasting   | 3 4 5 6 7 9 10 12 13 | 13.0
Hexes          | 4 5 6 7 9 10 12 13 | 13.2
Stealth        | 5 6 8 10 12 14 15 | 15.7
Dodging        | 3 6 |  6.3
Fighting       | 1 5 |  5.2
Short Blades   | 4 |  4.8

Action                   |  1- 3 |  4- 6 |  7- 9 | 10-12 || total
-------------------------+-------+-------+-------+-------++-------
Melee: Dagger            |   136 |    69 |   311 |   265 ||   781
       Punch             |     2 |       |     3 |     1 ||     6
 Cast: Ensorcelled Hiber |     8 |     7 |    61 |    77 ||   153
       Confusing Touch   |       |     4 |    24 |    15 ||    43
       Tukima's Dance    |       |     1 |    26 |    21 ||    48
Evoke: Wand              |       |       |       |     7 ||     7
  Use: Scroll            |     7 |     3 |     9 |     8 ||    27
       Potion            |       |     3 |     6 |     7 ||    16
 Stab: Sleeping          |    21 |    15 |    56 |    75 ||   167
       Confused          |       |     2 |    30 |    10 ||    42
       Invisible         |       |       |     5 |     3 ||     8
       Distracted        |       |       |       |     1 ||     1
Armor: Robe              |    17 |     4 |    32 |       ||    53
       Steam dragon scal |       |       |     1 |    41 ||    42
Dodge: Dodged            |    92 |    27 |   202 |   240 ||   561

Table legend: (Time is in decaauts)
 A = Elapsed time spent in this place.
 B = Non-inter-level travel time spent in this place.
 C = Inter-level travel time spent in this place.
 D = Time resting spent in this place.
 E = Time spent auto-exploring this place.
 F = Levels seen in this place.
 G = Mean time per level.
                   A        B        C        D        E       F      G
               +--------+--------+--------+--------+--------+-----+--------+
         Total |  11538 |  11336 |    202 |   1493 |   7418 |  14 |  824.1 |
       Dungeon |  10794 |  10600 |    194 |   1125 |   7317 |  12 |  899.5 |
        Temple |     57 |     49 |      8 |      0 |     38 |   1 |   57.0 |
       Ossuary |    687 |    687 |      0 |    367 |     62 |   1 |  687.0 |
               +--------+--------+--------+--------+--------+-----+--------+

Top non-repeatable levels by time:
     D:2: 1356 daAuts
    D:10: 1279 daAuts
     D:1: 1232 daAuts
     D:4: 1057 daAuts
     D:8: 1046 daAuts
     D:6: 1032 daAuts
    D:11: 918 daAuts
     D:5: 717 daAuts
 Ossuary: 687 daAuts
     D:9: 661 daAuts
     D:7: 654 daAuts
     D:3: 548 daAuts
    D:12: 287 daAuts
  Temple: 57 daAuts
